 Dungeon Crawl Stone Soup version 0.30-a0-578-gdee14c521f (webtiles) character file.

Game seed: 10814952276592089320

77 Newt the Trooper (level 4, 0/37 HPs)
             Began as a Demonspawn Gladiator on Dec 31, 2022.
             Slain by Sigmund
             ... wielding a +0 scythe
              (10 damage)
             ... on level 2 of the Dungeon.
             The game lasted 00:01:46 (1331 turns).

Newt the Trooper (Demonspawn Gladiator)             Turns: 1331, Time: 00:01:47

Health: 0/37       AC:  5    Str: 16    XL:     4   Next: 14%
Magic:  4/4        EV: 12    Int: 11    God:
Gold:   137        SH:  0    Dex: 10    Spells: 3/3 levels left

rFire   + . .      SeeInvis .    r - +8 hand axe "Weunenlo" {flame, rElec rPois rF+ Dex-5}
rCold   . . .      Faith    .    (no shield)
rNeg    . . .      Spirit   .    b - +0 leather armour
rPois   +          Reflect  .    c - +0 helmet
rElec   +          Harm     .    (no cloak)
rCorr   .          Rampage  .    m - +0 pair of gloves
Will    .....                    (no boots)
Stlth   +                        (no amulet)
HPRegen 0.26/turn                (no ring)
MPRegen 0.09/turn                (no ring)

@: no status effects
A: big brain 1
a: no special abilities


You were on level 2 of the Dungeon.
You visited 1 branch of the dungeon, and saw 2 of its levels.

You collected 137 gold pieces.

Inventory:

Hand Weapons
 a - a +0 rapier
 k - a +0 short sword of draining
 n - a +2 antimagic hand axe
 r - the +8 hand axe "Weunenlo" (weapon) {flame, rElec rPois rF+ Dex-5}
   (You found it on level 2 of the Dungeon)

   It burns those it strikes, dealing additional fire damage.
   Big, fiery blades are also staple armaments of hydra-hunters.
   Dex:       It affects your dexterity (-5).
   rF:        It protects you from fire.
   rElec:     It insulates you from electricity.
   rPois:     It protects you from poison.
Missiles
 d - a throwing net (quivered)
Armour
 b - a +0 leather armour (worn)
 c - a +0 helmet (worn)
 j - a +0 chain mail
 m - a +0 pair of gloves (worn)
Scrolls
 f - 8 scrolls of identify {unknown}
 g - 2 scrolls of teleportation {unknown}
 h - a scroll of fear {unknown}
 i - a scroll of amnesia {unknown}
 o - a scroll of summoning {unknown}
 u - a scroll of poison {unknown}
Potions
 l - a potion of resistance {unknown}
 p - a potion of mutation {unknown}
 s - a potion of cancellation
 t - a potion of heal wounds {unknown}


   Skills:
 + Level 3.8 Fighting
 - Level 2.6 Short Blades
 - Level 1.7 Throwing
 - Level 2.6 Dodging
 - Level 2.0 Stealth


You had 3 spell levels left.
You didn't know any spells.
Your spell library contained the following spells:

 Spells                   Type           Power      Damage    Failure   Level
 Portal Projectile        Hex/Tloc       0%         N/A       78%         3
 Tukima's Dance           Hex            0%         N/A       78%         3
 Blade Hands              Tmut           0%         N/A       100%        5


Dungeon Overview and Level Annotations

Branches:
Dungeon (2/15)

Altars:
Uskayaw

Annotations:
D:2 Sigmund


Innate Abilities, Weirdness & Mutations

You have an unusually large brain. (Int +2)


Message History

You throw a javelin.
The javelin barely misses the ball python.
The javelin pierces through Sigmund!
Sigmund is heavily wounded.
The javelin closely misses the hobgoblin.
The ball python barely misses you. The ball python grabs you.
The ball python constricts you.
Sigmund hits you from afar with a +0 scythe!
You slash the ball python! You burn the ball python.
You kill the ball python!
You closely miss the goblin. Your punch misses the goblin.
Sigmund closely misses you. The goblin barely misses you.
You slash the goblin! You burn the goblin.
You kill the goblin!
Sigmund casts a spell.
Sigmund flickers and vanishes!
Deactivating autopickup; reactivate with Ctrl-A.
You slash the hobgoblin! You burn the hobgoblin.
You kill the hobgoblin!
Something barely misses you.
You hear some strange, mumbled words.
A puff of flame appears from out of thin air!
The puff of flame hits you. You resist.
Things that are here:
a +0 club; a ball python corpse You miss something.
Something hits you.
You slash something! You burn something. Something hits you but does no damage.
You barely miss something.
You hear some strange, mumbled words.
A puff of flame appears from out of thin air!
The puff of flame hits you. You resist.
You miss something. Something hits you but does no damage.
You miss something. Something hits you!
You barely miss something. Something hits you!
* * * LOW HITPOINT WARNING * * *
It was a potion of curing.
You feel better. Something hits you!
* * * LOW HITPOINT WARNING * * *
It was a potion of cancellation.
You feel magically purged.
You feel better. Something hits you!
You die...

#.........#
#.........#
#####.#####
#.# #.# #.#
#.# #.#
###@#######
#...{...=..
#..........
#..........
#..........
#.)(.......
#..........
#..........
...........


There were no monsters in sight!

Vanquished Creatures
  Terence (D:2)
  An adder (D:2)
  3 dart slugs
  3 ball pythons
  4 bats
  5 endoplasms
  5 goblins
  7 hobgoblins
  A quokka (D:1)
  3 frilled lizards (D:1)
  3 kobolds
  2 rats (D:1)
38 creatures vanquished.

Notes
Turn   | Place    | Note
-------+----------+-------------------------------------------
     0 | D:1      | Newt the Demonspawn Gladiator began the quest for the Orb.
     0 | D:1      | Reached XP level 1. HP: 16/16 MP: 1/1
   110 | D:1      | Reached skill level 1 in Stealth
   178 | D:1      | Gained mutation: You have an unusually large brain. (Int
                  | +2) [demonic ancestry]
   178 | D:1      | Reached XP level 2. HP: 22/22 MP: 2/2
   248 | D:1      | You fall into a shaft and drop 1 floor!
   248 | D:2      | Found a hide-covered altar of Uskayaw.
   256 | D:2      | Noticed Terence
   275 | D:2      | Killed Terence
   276 | D:2      | Reached XP level 3. HP: 15/28 MP: 3/3
   577 | D:1      | Reached skill level 3 in Fighting
   985 | D:2      | Identified the +8 hand axe "Weunenlo" {flame, rElec rPois
                  | rF+ Dex-5}
  1106 | D:2      | Reached XP level 4. HP: 37/37 MP: 4/4
  1310 | D:2      | Noticed Sigmund
  1331 | D:2      | Slain by Sigmund

Illustrated notes

Levels and vault maps discovered:
D:1:      eino_arrival_cavern_a, layout_loops_corners
D:2:      layout_basic, basic_altar, uniq_terence, uniq_sigmund

Skill      XL: |  1  2  3 |
---------------+----------+-----
Stealth        | 1 2 |  2.0
Fighting       | 3 |  3.8
Short Blades   | |  2.6
Throwing       | |  1.7
Dodging        | |  2.6

Action                   |  1- 3 |  4- 6 || total
-------------------------+-------+-------++-------
Melee: Rapier            |    40 |       ||    40
       Punch             |     1 |       ||     1
       Hand axe          |    33 |    16 ||    49
       Short sword       |     5 |       ||     5
Throw: Throwing net      |     2 |       ||     2
       Javelin           |       |     1 ||     1
  Use: Potion            |       |     3 ||     3
 Stab: Sleeping          |     2 |       ||     2
Armor: Leather armour    |    23 |     2 ||    25
Dodge: Dodged            |    55 |     6 ||    61

Table legend: (Time is in decaauts)
 A = Elapsed time spent in this place.
 B = Non-inter-level travel time spent in this place.
 C = Inter-level travel time spent in this place.
 D = Time resting spent in this place.
 E = Time spent auto-exploring this place.
 F = Levels seen in this place.
 G = Mean time per level.
                   A        B        C        D        E       F      G
               +--------+--------+--------+--------+--------+-----+--------+
         Total |   1345 |   1340 |      5 |      0 |   1050 |   2 |  672.5 |
       Dungeon |   1345 |   1340 |      5 |      0 |   1050 |   2 |  672.5 |
               +--------+--------+--------+--------+--------+-----+--------+

Top non-repeatable levels by time:
     D:1: 842 daAuts
     D:2: 502 daAuts
